 Dungeon Crawl Stone Soup version 0.19-a0-1676-g39ae8cc (webtiles) character file.

32 Amnesiac the Digger (level 3, -8/19 HPs)
             Began as a Deep Elf Earth Elementalist on Sept 23, 2016.
             Was an Initiate of Sif Muna.
             Mangled by an ogre
             ... wielding a +0 giant spiked club
              (27 damage)
             ... on level 4 of the Dungeon.
             The game lasted 00:02:39 (718 turns).

Amnesiac the Digger (Deep Elf Earth Elementalist)    Turns: 718, Time: 00:02:40

Health: -8/19      AC:  5    Str:  7    XL:     3   Next: 8%
Magic:  4/10       EV: 13    Int: 20    God:    Sif Muna [......]
Gold:   78         SH:  0    Dex: 15    Spells: 2 memorised, 5 levels left

rFire  . . .     SeeInvis .     b - 48 stones
rCold  . . .     Gourm    .     c - +0 robe
rNeg   . . .     Faith    .     (no shield)
rPois  .         Spirit   .     a - +2 helmet
rElec  .         Dismiss  .     (no cloak)
rCorr  .         Reflect  .     (no gloves)
MR     .....     Harm     .     (no boots)
Stlth  ++........               (no amulet)
                                k - -3 ring of strength (curse)
                                i - +5 ring of strength

@: no status effects
A: no striking features
a: Renounce Religion


You were on level 4 of the Dungeon.
You worshipped Sif Muna.
Sif Muna was noncommittal.
You were not hungry.

You visited 2 branches of the dungeon, and saw 5 of its levels.

You collected 78 gold pieces.

Inventory:

Hand Weapons
 g - a +0 dagger
Missiles
 b - 48 stones (in hand)
Armour
 a - a +2 helmet (worn)
 c - a +0 robe (worn)
Jewellery
 i - a +5 ring of strength (left hand)
 k - a cursed -3 ring of strength (right hand)
Potions
 h - 2 potions of curing
 j - a potion of flight
Books
 e - a book of Geomancy

   Spells                             Type                      Level
   a - Sandblast                      Earth                        1
   b - Passwall                       Transmutation/Earth          2
   c - Stone Arrow                    Conjuration/Earth            3
   d - Petrify                        Transmutation/Earth          4
   e - Lee's Rapid Deconstruction     Earth                        5
Comestibles
 d - a bread ration
 f - a meat ration


   Skills:
 - Level 2.4 Dodging
 - Level 2.4 Stealth
 + Level 3.9 Spellcasting
   Level 1.1 Transmutations
 * Level 4.1 Earth Magic


You had 5 spell levels left.
You knew the following spells:

 Your Spells              Type           Power        Failure   Level  Hunger
f - Stone Arrow           Conj/Erth      ##....       17%         3    ###....
z - Sandblast             Erth           ###...       2%          1    None


Dungeon Overview and Level Annotations

Branches:
Dungeon (4/15)             Temple (1/1) D:4

Altars:
Cheibriados
Dithmenos
Elyvilon
Fedhas
Gozag
Hepliaklqana
Kikubaaqudgha
Makhleb
Okawaru
Qazlal
Ru
Sif Muna
Trog
Uskayaw
Vehumet
Yredelemnul
Zin
The Shining One


Message History

Press: ? - help, Shift-Dir - straight line, f/p - ogre
Aim: an ogre, wielding a giant spiked club (lightly wounded)
The rocky blast hits the ogre.
The ogre is heavily wounded.
Casting: Sandblast
Confirm with . or Enter, or press ? or * to list all spells.
Aiming: Sandblast
Press: ? - help, Shift-Dir - straight line, f/p - ogre
Aim: an ogre, wielding a giant spiked club (heavily wounded)
The rocky blast misses the ogre.
Casting: Sandblast
Confirm with . or Enter, or press ? or * to list all spells.
Aiming: Sandblast
Press: ? - help, Shift-Dir - straight line, f/p - ogre
Aim: an ogre, wielding a giant spiked club (heavily wounded)
The rocky blast hits the ogre.
The ogre is almost dead.
The ogre hits you with a giant spiked club!!
Ouch! That really hurt!
You die...

#.# #.# #.# #.# #.#
#.# #O# #@### #...#
###.# #.# #.#
####.##########.#
......†...>.....#
####.##########.######
#......#


You could see an ogre.

Vanquished Creatures
  An ooze (D:1)
  A worm (D:2)
  2 dart slugs
  A leopard gecko (D:3)
  An orc (D:3)
  2 giant cockroaches
  A hobgoblin (D:1)
  A kobold (D:2)
  2 quokkas (D:3)
  4 bats
  A frilled lizard (D:3)
  2 rats
19 creatures vanquished.

Notes
Turn   | Place    | Note
-------+----------+-------------------------------------------
     0 | D:1      | Amnesiac the Deep Elf Earth Elementalist began the quest for the Orb.
     0 | D:1      | Reached XP level 1. HP: 10/10 MP: 6/6
   270 | D:1      | Reached XP level 2. HP: 15/15 MP: 6/8
   421 | D:2      | Reached skill level 4 in Earth Magic
   534 | D:3      | Reached XP level 3. HP: 19/19 MP: 5/10
   559 | D:4      | Found a staircase to the Ecumenical Temple.
   565 | D:4      | Noticed an ogre
   576 | Temple   | Entered the Ecumenical Temple
   659 | Temple   | Became a worshipper of Sif Muna the Loreminder
   708 | D:4      | Learned a level 3 spell: Stone Arrow
   718 | D:4      | Mangled by an ogre

Vault maps used:
D:1:      dpeg_arrival_erosion
D:2:      nicolae_tso_swordbearing_angel
D:3:      first_bread
D:4:      serial_shops, shop_statue, uniq_blork_the_orc
Temple:   regret_index_temple_sigil_plot

Skill      XL: |  1  2 |
---------------+-------+-----
Earth Magic    | 4 |  4.1
Dodging        | |  2.4
Stealth        | |  2.4
Spellcasting   | |  3.9
Transmutations | |  1.1

Action                   || total
-------------------------++-------
Melee: Unarmed           ||     1
 Cast: Sandblast         ||    40
       Stone Arrow       ||     1
  Use: Scroll            ||     2
Armor: Robe              ||     6
Dodge: Dodged            ||    18
